 Dungeon Crawl Stone Soup version 0.31.0-9-g3a7656b989 (webtiles) character file.

Game seed: 11069003227504355489

1795639 Kenran the Sensei (level 26, 159/254 HPs)
             Began as a Vampire Shapeshifter on Feb 2, 2024.
             Was a Believer of Uskayaw.
             Escaped with the Orb
             ... and 3 runes on Feb 3, 2024!
             The game lasted 02:40:46 (60548 turns).

Kenran the Sensei (Vampire Shapeshifter)           Turns: 60548, Time: 02:40:46

Health: 159/254    AC: 39    Str: 13      XL:     26   Next: 64%
Magic:  35/35      EV: 34    Int: 13      God:    Uskayaw [**....]
Gold:   5421       SH: 19    Dex: 24 (25) Spells: 25/25 levels left

rFire   + .          .
                       - Unarmed
rCold   . . .        y - +4 kite shield {rF+}
rNeg    + . .        a - melded +0 animal skin
rPois   ∞            o - +0 helmet of Eternity {^Drain rElec rF+}
rElec   +            U - +2 cloak {rPois}
rCorr   .            D - melded +4 pair of gloves of Onover {rElec rF+ rC+++ Stlth-}
SInv    +            Q - melded +0 pair of boots of the King of the Hill {Slay+5}
Will    ++...        V - amulet of Cyqatwiac {Regen+ Dex+2}
Stlth   +++          l - ring of Daukhion {Dex+2 Slay+4}
HPRegen 1.62/turn    M - +5 ring of evasion
MPRegen 0.24/turn

%: no passive effects
@: statue-form, healing quickly, studying 3 skills, very slow
A: slow and powerful, torment resistance 1, boosted hp, alive, fangs 3, see
invisible, vampiric 2, (iridescent scales 1), clumsy 1, deterioration 1, frail
1, screaming 1, weak 1, heat vulnerability 1, MP-powered wands
0: Orb of Zot
}: 3/15 runes: decaying, serpentine, silver
a: Exsanguinate, Begin Untransformation, Renounce Religion, Stomp, Line Pass


You escaped.
You worshipped Uskayaw.
Uskayaw was most pleased with you.
You were a living statue of rough stone.
You visited 10 branches of the dungeon, and saw 48 of its levels.
You visited the Abyss 4 times.
You also visited: Bailey, Gauntlet and Desolation.

You collected 9339 gold pieces.
You spent 3918 gold pieces at shops.

Inventory:

Missiles
 O - 6 curare-tipped darts (quivered)
Armour
 a - a +0 animal skin (melded)
 m - a +2 tower shield of reflection
 o - the +0 helmet of Eternity (worn) {^Drain rElec rF+}
   (You took it off Robin on level 3 of the Dungeon)

   rF+:       It protects you from fire.
   rElec:     It insulates you from electricity.
   ^Drain:    It drains your maximum health when unequipped.
 y - a +4 kite shield of fire resistance (worn)
 D - the +4 pair of gloves of Onover (melded) {rElec rF+ rC+++ Stlth-}
   (You found it in a Gauntlet)

   rF+:       It protects you from fire.
   rC+++:     It renders you almost immune to cold.
   rElec:     It insulates you from electricity.
   Stlth-:    It makes you less stealthy.
 Q - the +0 pair of boots of the King of the Hill (melded) {Slay+5}
   (You bought it in a shop on level 2 of the Orcish Mines)

   Slay+5:    It affects your accuracy & damage with ranged weapons and melee
   (+5).
 U - a +2 cloak of poison resistance (worn)
 X - the +0 helmet of the Uplifting Gods {rPois rN+ Dex+3}
   (You found it in a Gauntlet)

   Dex+3:     It affects your dexterity (+3).
   rPois:     It protects you from poison rN+: It protects you from negative
   energy.
Jewellery
 d - the ring of Jewkorr {rElec rF+}
   (You bought it in a shop on level 15 of the Dungeon)

   [ring of protection from fire]

   rF+:       It protects you from fire.
   rElec:     It insulates you from electricity.
 f - a ring of protection from cold
 l - the ring of Daukhion (left fist) {Dex+2 Slay+4}
   (You acquired it on level 5 of the Dungeon)

   [ring of slaying]

   Dex+2:     It affects your dexterity (+2).
   Slay+4:    It affects your accuracy & damage with ranged weapons and melee
   (+4).
 q - the ring "Nuclaine" {Fly Will+}
   (You found it on level 5 of the Vaults)

   [ring of flight]

   Will+:     It increases your willpower.
   Fly:       It grants you flight.
 M - a +5 ring of evasion (right fist)
 V - the amulet of Cyqatwiac (around neck) {Regen+ Dex+2}
   (You found it in the Desolation of Salt)

   [amulet of regeneration]

   Dex+2:     It affects your dexterity (+2).
   Regen+:    It increases your rate of health regeneration.
Talismans
 n - a granite talisman (active)
 C - a dragon-blood talisman
 W - a talisman of death
Wands
 c - a wand of paralysis (38)
 r - a wand of digging (9)
 N - a wand of mindburst (32)
 P - a wand of iceblast (79)
 R - a wand of acid (25)
Scrolls
 e - 16 scrolls of teleportation
 i - 6 scrolls of poison
 j - 5 scrolls of immolation {!r}
 t - 3 scrolls of noise {!r}
 u - 10 scrolls of fear
 v - 4 scrolls of blinking
 B - 3 scrolls of revelation
 J - 3 scrolls of enchant armour
 T - 8 scrolls of fog
Potions
 b - 4 potions of enlightenment
 g - 2 potions of berserk rage {!q}
 k - 7 potions of heal wounds {@q2}
 p - 2 potions of haste
 s - 8 potions of might
 w - 7 potions of attraction {!q}
 x - 8 potions of lignification {!q}
 z - 21 potions of curing {@q1}
 A - 9 potions of magic
 F - 2 potions of mutation {!q}
 G - 5 potions of brilliance
 H - 3 potions of resistance
 I - 5 potions of cancellation
 K - 2 potions of degeneration {!q}
 L - 2 potions of ambrosia
Miscellaneous
 h - a condenser vane
 S - a phial of floods
 Y - a lightning rod (4/4)
 Z - a phantom mirror (inert)


   Skills:
 - Level 20.0 Fighting
 - Level 5.0 Armour
 - Level 20.0 Dodging
 - Level 20.0 Stealth
 - Level 15.0 Shields
 - Level 23.0 Unarmed Combat
 + Level 16.6 Invocations
 + Level 14.7 Evocations
 - Level 23.0 Shapeshifting


You had 25 spell levels left.
You didn't know any spells.
Your spell library contained the following spells:

 Spells                   Type           Power      Damage    Failure   Level
 Apportation              Tloc           0%         N/A       50%         1
 Foxfire                  Conj/Fire      0%         2x1d4     50%         1
 Freeze                   Ice            0%         1d3       50%         1
 Kiss of Death            Conj/Necr      0%         2d5       50%         1
 Sandblast                Erth           0%         2d4       50%         1
 Slow                     Hex            0%         N/A       50%         1
 Sting                    Conj/Alch      0%         1d3       50%         1
 Summon Small Mammal      Summ           0%         N/A       50%         1
 Cigotuvi's Dreadful Rot  Necr/Alch/Air  0%         N/A       65%         2
 Ensorcelled Hibernation  Hex/Ice        0%         N/A       65%         2
 Jinxbite                 Hex            0%         N/A       65%         2
 Mercury Vapours          Alch/Air       0%         N/A       65%         2
 Momentum Strike          Conj/Tloc      0%         3d8       65%         2
 Scorch                   Fire           0%         2d5       65%         2
 Call Canine Familiar     Summ           0%         N/A       86%         3
 Confusing Touch          Hex            0%         N/A       86%         3
 Gell's Gravitas          Tloc           0%         N/A       86%         3
 Hailstorm                Conj/Ice       0%         3d5       86%         3
 Ozocubu's Armour         Ice            0%         N/A       86%         3
 Passwall                 Erth           0%         N/A       86%         3
 Sigil of Binding         Hex            0%         N/A       86%         3
 Stone Arrow              Conj/Erth      0%         3d7       86%         3
 Summon Ice Beast         Ice/Summ       0%         N/A       86%         3
 Swiftness                Air            0%         N/A       86%         3
 Vampiric Draining        Necr           0%         2d6       86%         3
 Volatile Blastmotes      Fire/Tloc      0%         2d10      86%         3
 Anguish                  Hex/Necr       0%         N/A       99%         4
 Animate Armour           Summ/Erth      0%         N/A       99%         4
 Animate Dead             Necr           0%         N/A       99%         4
 Cause Fear               Hex            0%         N/A       99%         4
 Dimensional Bullseye     Hex/Tloc       0%         N/A       99%         4
 Dispel Undead            Necr           0%         3d6       99%         4
 Fulminant Prism          Conj/Alch      0%         3d5       99%         4
 Ignite Poison            Fire/Alch      0%         N/A       99%         4
 Iskenderun's Mystic Bla  Conj/Tloc      0%         2d3       99%         4
 Olgreb's Toxic Radiance  Alch           0%         N/A       99%         4
 Passage of Golubria      Tloc           0%         N/A       99%         4
 Petrify                  Alch/Erth      0%         N/A       99%         4
 Summon Blazeheart Golem  Fire/Summ      0%         N/A       99%         4
 Summon Lightning Spire   Summ/Air       0%         N/A       99%         4
 Vhi's Electric Charge    Tloc/Air       0%         N/A       99%         4
 Alistair's Intoxication  Alch           0%         N/A       100%        5
 Borgnjor's Vile Clutch   Necr/Erth      0%         N/A       100%        5
 Fireball                 Conj/Fire      0%         3d3       100%        5
 Freezing Cloud           Conj/Ice/Air   0%         6-21      100%        5
 Irradiate                Conj/Alch      0%         3d11      100%        5
 Lee's Rapid Deconstruct  Erth           0%         3d4*      100%        5
 Silence                  Hex/Air        0%         N/A       100%        5
 Summon Forest            Summ/Tloc      0%         N/A       100%        5
 Summon Mana Viper        Hex/Summ       0%         N/A       100%        5
 Bombard                  Conj/Erth      0%         9d1       100%        6
 Death Channel            Necr           0%         N/A       100%        6
 Eringya's Noxious Bog    Alch           0%         4d6       100%        6
 Plasma Beam              Fire/Air       0%         2x1d10    100%        6
 Sculpt Simulacrum        Ice/Alch       0%         N/A       100%        6
 Starburst                Conj/Fire      0%         6d3       100%        6
 Summon Cactus Giant      Summ           0%         N/A       100%        6
 Enfeeble                 Hex            0%         N/A       100%        7
 Haunt                    Necr/Summ      0%         N/A       100%        7
 Malign Gateway           Summ/Tloc      0%         N/A       100%        7
 Monstrous Menagerie      Summ           0%         N/A       100%        7
 Ozocubu's Refrigeration  Ice            0%         4d7       100%        7
 Discord                  Hex            0%         N/A       100%        8
 Infestation              Necr           0%         N/A       100%        8
 Lehudib's Crystal Spear  Conj/Erth      0%         10d2      100%        8
 Summon Horrible Things   Summ           0%         N/A       100%        8
 Chain Lightning          Conj/Air       0%         N/A       100%        9
 Dragon's Call            Summ           0%         N/A       100%        9
 Fire Storm               Conj/Fire      0%         5d1       100%        9
 Polar Vortex             Ice            0%         N/A       100%        9
 Shatter                  Erth           0%         3d5*      100%        9
 Sublimation of Blood     Necr           Unusable   N/A       N/A         2

Dungeon Overview and Level Annotations

Branches:
Dungeon (15/15)            Temple (1/1) D:6            Lair (5/5) D:8
  Swamp (4/4) Lair:2        Snake (4/4) Lair:2        Slime (0/5) Lair:5
    Orc (2/2) D:12            Elf (3/3) Orc:2        Vaults (5/5) D:13
  Crypt (0/3) Vaults:2     Depths (4/4) D:15            Zot (5/5) Depths:4
 Bailey (visited)         Desolation (visited)      Gauntlet (visited)

Altars:
Ashenzari
Cheibriados
Dithmenos
Fedhas
Gozag
Hepliaklqana
Kikubaaqudgha
Makhleb
Nemelex Xobeh
Okawaru
Qazlal
Ru
Sif Muna
Trog
Uskayaw
Vehumet
Wu Jian
Xom
Yredelemnul

Shops:
D:15 *   Orc:2 [?[?   Vaults:3 (   Vaults:5 *   Depths:1 [((:(

Portals:
Hell: Depths:1 Depths:2 Depths:3 Depths:4
Abyss: Depths:1 Depths:3 Depths:4
Pandemonium: Depths:2
Ziggurat: Depths:1
Trove: Elf:2 (give horn of Geryon)

Annotations:
Lair:5 exclusion: obsidian statue
Swamp:1 3 runed translucent doors, Zoigrime's ghost, adept FoFi
Swamp:3 1 runed translucent door, exclusion: oklob plant, esper6's ghost, journeyman GnNe
Snake:3 Roxanne
Depths:2 5 runed translucent doors
Depths:3 exclusion: downstairs


Innate Abilities, Weirdness & Mutations

You are a living statue of rough stone.
Your actions are slow, but your melee attacks are powerful.
You are resistant to unholy torment.
Your maximum health is greatly increased.
Your equipment is partially melded.
Your natural rate of healing is accelerated.
You have razor-sharp teeth.
You have supernaturally acute eyesight. (SInv)
You are afflicted with vampirism and can become a bat while bloodless.
((You are partially covered in iridescent scales. (AC +2)))
You are clumsy. (Dex -2)
Your body sometimes deteriorates upon taking damage.
You are frail. (-10% HP)
You occasionally shout uncontrollably at your foes.
You are weak. (Str -2)
You are vulnerable to heat. (rF-)
You expend magic power (3 MP) to strengthen your wands.


Message History

The Ice Fiend is severely wounded.
You block the Ice Fiend's attack. The Ice Fiend completely misses you.
You hit the Ice Fiend but do no damage.
You bite the Ice Fiend, but do no damage.
The Ice Fiend is severely wounded.
The Ice Fiend gestures at you. The bolt of cold misses you.
You punch the Ice Fiend!
The Ice Fiend is almost dead.
The Ice Fiend gestures at you. The bolt of cold misses you.
You can now pass through a line of other dancers.
You punch the Ice Fiend!
You kill the Ice Fiend!
You miss the Orb Guardian. The Orb Guardian hits you!!
You closely miss the Orb Guardian. You block the Orb Guardian's attack.
You closely miss the Orb Guardian. You block the Orb Guardian's attack. x2
You hit the Orb Guardian but do no damage.
You bite the Orb Guardian, but do no damage.
The Orb Guardian hits you.
You hit the Orb Guardian.
You bite the Orb Guardian, but do no damage.
The Orb Guardian is lightly wounded.
The Orb Guardian completely misses you. The Orb Guardian hits you.
You pummel the Orb Guardian!!
The Orb Guardian is moderately wounded.
You block the Orb Guardian's attack.
You pummel the Orb Guardian!! You bite the Orb Guardian.
The Orb Guardian is severely wounded.
The Orb Guardian barely misses you.
Uskayaw will force your foes to helplessly watch your dance.
Uskayaw prepares the audience for your solo!
The helpless Orb Guardian fails to defend itself.
You pummel the Orb Guardian like a punching bag!!!!
You kill the Orb Guardian!
There is an open door here.
You enter the shallow water.
Moving in this stuff is going to be slow.
There is a staircase leading out of the dungeon here.
You have escaped!

###.###.#.# ####.#
#.# #.#
#'#######....# #.###
#.# #.##....####.##
#.... #.#
#~##~##.###...#######
#.# ##~~~#..'......#
# #.#
#~#######......# #
#.# ##~~~~~~##.....#
# #.#
#~###~#~###...## #
#.#
#~#~8~#≈####.########
#.#
#≈≈~~~≈≈#..........##
#.#
####'####.....####.##
#########.#
#...#####.........
..........# ###.#
#.........#
.##########
###.####..#####..# .#
##.......).#####..#
##
##.##..###.........#
##
#.###.#.##.######..#


There were no monsters in sight!

Vanquished Creatures
  Tiamat (Zot:5)
  4 dread liches
  4 orbs of fire
  Frederick (Vaults:3)
  3 ancient liches
  Mennas (Vaults:4)
  2 pandemonium lords
  Xtahua (Vaults:5)
  the Lernaean hydra (Swamp:4)
  Vashnia (Snake:2)
  3 Killer Klowns (Zot:5)
  Margery (Vaults:5)
  A curse toe (Zot:3)
  Vv (Depths:4)
  Saint Roka (Snake:3)
  12 golden dragons
  2 bone dragons (Depths:4)
  3 Tzitzimimeh (Depths:4)
  4 electric golems
  3 doom hounds (Depths:4)
  15 tentacled monstrosities
  28 Orb Guardians
  Grunn (Depths:4)
  An Ice Fiend (D:1)
  5 liches
  3 quicksilver dragons
  5 titans
  2 deep elf blademasters
  A walking divine tome (Depths:2)
  An ancient champion (Vaults:2)
  5 sphinxes
  A searing wretch (Vaults:4)
  8 death cobs
  An Executioner (Zot:1)
  4 tentacled starspawn (Abyss:3)
  The ghost of Amikeex the Brawler, an adept TrMo of Nemelex Xobeh (Depths:4)
  7 tengu reavers
  Kirke (Lair:2)
  Aizul (Elf:1)
  11 storm dragons
  16 shadow dragons
  A thorn hunter (Swamp:3)
  5 nagarajas
  7 draconian knights
  15 frost giants
  6 protean progenitors
  A daeva (Abyss:3)
  4 deep elf sorcerers (Elf:3)
  14 draconian monks
  7 draconian shifters
  An imperial myrmidon (Desolation)
  The ghost of Valeaz the Thaumaturge, a journeyman GnAE of Sif Muna (Orc:2)
  11 fire giants
  11 vault wardens
  6 deep elf elementalists (Elf:3)
  An iron dragon (Depths:2)
  6 draconian stormcallers
  3 ghost moths
  5 draconian scorchers
  4 spectral caustic shrikes (Depths:1)
  4 orc warlords
  4 reapers (Depths:4)
  2 draconian annihilators (Zot:1)
  A balrug (D:14)
  A cacodemon (D:8)
  An angel (Abyss:3)
  10 ironbound preservers
  4 vampire knights
  6 ghouls
  16 very ugly things
  12 stone giants
  5 ironbound thunderhulks
  2 deep elf death magi
  9 deep elf demonologists
  2 halazid warlocks (Desolation)
  21 green draconians
  12 black draconians
  2 minotaurs
  A lorocyproca (Depths:3)
  2 putrid mouths (Depths:4)
  14 purple draconians
  12 red draconians
  5 deep elf annihilators
  11 yellow draconians
  11 eleionomae
  14 dire elephants
  3 war gargoyles
  A spark wasp (Depths:2)
  11 white draconians
  14 ettins
  4 crystal guardians
  Josephine (Lair:5)
  11 fire dragons
  A blizzard demon (Zot:2)
  17 yaktaur captains
  8 deep elf high priests
  2 green deaths
  A shambling mangrove (Swamp:3)
  6 rakshasas
  An entropy weaver (Vaults:4)
  10 ice dragons
  14 ragged hierophants
  10 great orbs of eyes
  2 entropy weavers (shapeshifter)
  A spectral tengu (Depths:4)
  2 ghost crabs
  13 servants of whispers (Desolation)
  A spectral spriggan (Depths:4)
  30 vault guards
  A caustic shrike simulacrum (Abyss:3)
  2 salamander tyrants (Snake:4)
  A juggernaut simulacrum (Depths:4)
  2 hell beasts
  16 hydras
  6 anacondas
  9 alligators
  13 peacekeepers
  11 ironbound frosthearts
  5 centaur warriors
  4 ogre magi
  10 two-headed ogres
  7 boulder beetles
  A two-headed ogre (shapeshifter) (Depths:3)
  A spriggan air mage (Depths:3)
  34 dancing weapons
  5 naga warriors
  5 deep troll earth magi
  5 deep troll shamans
  11 death yaks (Lair:5)
  A vampire mage (Vaults:2)
  10 tengu warriors
  15 naga sharpshooters
  2 occultists
  3 spriggan berserkers
  12 thrashing horrors (Abyss:3)
  16 hell knights
  Sonja (Lair:2)
  2 soul eaters
  6 shock serpents
  2 wretched stars (Abyss:3)
  11 deep elf knights
  8 salamander mystics (Snake:4)
  5 skysharks
  11 sun demons
  5 skeletal warriors
  A spectral death yak (Lair:5)
  A fire crab (shapeshifter) (Depths:3)
  4 sixfirhies
  A flayed ghost (Depths:3)
  4 goliath frogs
  6 naga ritualists
  2 death drakes
  27 deep trolls
  9 mana vipers
  A spectral iron dragon (Depths:4)
  A sun moth (shapeshifter) (Vaults:5)
  5 spriggan druids
  An obsidian statue (Zot:5)
  4 arcanists
  12 swamp dragons
  A spectral anaconda (Lair:5)
  6 glowing orange brains
  A spriggan simulacrum (Depths:4)
  8 bog bodies
  A shock serpent (shapeshifter) (Vaults:5)
  5 deep elf archers
  5 lindwurms (Vaults:1)
  21 ironbound convokers
  3 phantasmal warriors
  10 orc knights
  18 deep elf pyromancers
  7 harpies
  A wolf spider (Vaults:5)
  3 orc sorcerers
  16 deep elf zephyrmancers
  13 necromancers
  3 shining eyes (Depths:4)
  A manticore (D:12)
  7 cyclopes
  10 salamanders
  A faun (shapeshifter) (Vaults:5)
  14 elephants
  23 ugly things
  2 will-o-the-wisps
  16 moths of wrath
  2 worldbinders (Abyss:3)
  A rust devil (Zot:1)
  6 meliai (D:14)
  A meliai (shapeshifter) (Depths:2)
  2 dire elephant zombies (Lair:5)
  6 kobold blastminers
  9 guardian serpents
  33 black mambas
  2 water nymphs (shapeshifter)
  16 large abominations
  A torpor snail (shapeshifter) (Vaults:5)
  10 naga magi
  17 vault sentinels
  3 molten gargoyles (Desolation)
  4 apocalypse crabs (Abyss:3)
  2 torpor snails
  2 orange demons
  6 smoke demons (Abyss:3)
  2 unseen horrors (Depths:1)
  A gargoyle (D:12)
  16 cane toads
  Jeremiah (D:7)
  39 yaktaurs
  A rime drake (D:8)
  9 komodo dragons
  An ice devil (Depths:1)
  4 kobold demonologists
  5 freezing wraiths
  2 tormentors (Depths:4)
  An efreet (Abyss:3)
  3 ancient zymes (Abyss:3)
  5 tengu conjurers
  5 queen bees
  14 trolls
  A bloated husk (Swamp:2)
  2 hellwings (Abyss:3)
  A tarantella (shapeshifter) (Vaults:5)
  A harpy zombie (Abyss:3)
  3 tyrant leeches
  10 hornets
  2 iron dragon simulacra (Depths:4)
  2 polar bears
  85 saltlings
  20 blink frogs
  7 dream sheep (Lair:4)
  2 glass eyes (shapeshifter)
  A glass eye (Depths:4)
  A blink frog (shapeshifter) (D:13)
  23 raiju (Abyss:3)
  A centaur simulacrum (Abyss:3)
  A jumping spider (shapeshifter) (Depths:2)
  3 air elementals
  Sigmund (D:2)
  2 shadows (D:11)
  35 slime creatures
  13 small abominations
  11 wraiths
  2 ynoxinuls (Abyss:3)
  10 spriggans
  A fire elemental (Elf:3)
  3 water elementals
  4 basilisks
  14 starcursed masses (Abyss:3)
  7 wyverns
  74 yaks
  6 wargs
  4 neqoxecs
  11 vampire mosquitoes
  2 steam dragons
  A yak (shapeshifter) (Abyss:3)
  3 hogs
  A death yak simulacrum (Lair:5)
  6 chaos spawn
  24 swamp worms
  37 nagas
  An acid dragon (D:12)
  A swamp worm (shapeshifter) (Depths:2)
  6 hell hounds
  10 water moccasins
  3 sky beasts
  6 swamp drakes (Swamp:4)
  6 ice beasts
  13 laughing skulls
  20 orc warriors
  An elephant zombie (Lair:5)
  4 black bears
  24 ogres
  25 wolves
  8 centaurs
  A tengu (D:7)
  An elephant skeleton (Lair:5)
  4 phantoms
  5 bullfrogs
  7 weeping skulls (Abyss:3)
  6 kobold brigands
  2 brain worms (Abyss:3)
  A cane toad simulacrum (Lair:5)
  2 earth elementals
  A glowing shapeshifter simulacrum (Depths:4)
  2 scorpions
  3 wights (D:9)
  10 killer bees
  An elephant simulacrum (Lair:5)
  4 howler monkeys (D:13)
  2 electric eels
  A quasit (Abyss:3)
  13 orc priests
  A jelly (shapeshifter) (D:13)
  A gnoll bouda (D:4)
  2 iron imps (Abyss:3)
  Jessica (D:2)
  Ijyb (D:4)
  23 orc wizards
  10 iguanas
  Robin (D:3)
  15 gnolls
  5 adders
  2 white imps
  8 ufetubi
  4 dart slugs
  A ribbon worm (D:4)
  86 orcs
  8 endoplasms
  6 giant cockroaches
  14 goblins
  10 hobgoblins
  3 jackals (D:1)
  5 quokkas
  5 ball pythons
  14 bats
  2 frilled lizards
  25 kobolds
  2 rats
  An aspiring flesh (Zot:1)
  2 lurking horrors (Abyss:3)
  A starspawn tentacle (Abyss:3)
2282 creatures vanquished.

Vanquished Creatures (collateral kills)
  A pandemonium lord (Depths:4)
  Rupert (Orc:2)
  A nagaraja (Snake:4)
  A spectral caustic shrike (Depths:4)
  A purple draconian (Depths:4)
  A caustic shrike simulacrum (Depths:4)
  A spectral tengu (Depths:4)
  A naga sharpshooter (Snake:4)
  A swamp dragon (Swamp:4)
  A salamander (Snake:4)
  A naga mage (Snake:4)
11 creatures vanquished.

Vanquished Creatures (others)
  A draconian shifter (Zot:1)
  A yellow draconian (Zot:3)
  A spectral spriggan (Depths:4)
  An alligator (Zot:4)
  A deep elf knight (Elf:3)
  A deep elf zephyrmancer (Elf:1)
  A human (Swamp:1)
  2 small abominations (Abyss:3)
  An orc priest (Snake:3)
  6 foxfires
  9 starspawn tentacles (Abyss:3)
25 creatures vanquished.

Grand Total: 2318 creatures vanquished

Notes
Turn   | Place    | Note
-------+----------+-------------------------------------------
     0 | D:1      | Kenran the Vampire Shapeshifter began the quest for the
                  | Orb.
     0 | D:1      | Reached XP level 1. HP: 14/14 MP: 1/1
   151 | D:1      | Reached XP level 2. HP: 20/20 MP: 2/2
   601 | D:1      | Gained mutation: You are afflicted with vampirism and can
                  | become a bat while bloodless. [Vampire growth]
   601 | D:1      | Reached XP level 3. HP: 25/25 MP: 3/3
   807 | D:2      | Noticed Jessica
   810 | D:2      | Reached XP level 4. HP: 31/31 MP: 4/4
   814 | D:2      | Killed Jessica
   815 | D:2      | Reached skill level 1 in Fighting
  1026 | D:2      | Noticed Sigmund
  1312 | D:2      | Reached XP level 5. HP: 38/38 MP: 5/5
  1392 | D:2      | Found a shadowy altar of Dithmenos.
  1716 | D:3      | Reached XP level 6. HP: 53/53 MP: 6/6
  1724 | Abyss:1  | Cast into level 1 of the Abyss (orc)
  1753 | Abyss:1  | Noticed a neqoxec
  1791 | D:3      | Escaped the Abyss
  1980 | D:3      | Reached XP level 7. HP: 53/59 MP: 7/7
  2064 | D:3      | Found a faded altar of an unknown god.
  2142 | D:3      | Identified the +0 helmet of Eternity {^Drain rElec rF+}
  2142 | D:3      | Noticed Robin
  2159 | D:3      | Killed Robin
  2783 | D:4      | Noticed Ijyb
  2801 | D:4      | Killed Ijyb
  3300 | D:4      | Noticed a two-headed ogre
  3465 | D:5      | Entered Level 5 of the Dungeon
  3700 | D:5      | Reached XP level 8. HP: 31/65 MP: 8/8
  4508 | D:5      | Identified a scroll of acquirement
  4509 | D:5      | Acquired the ring of Daukhion {Dex+2 Slay+4}
  4555 | D:6      | Found a staircase to the Ecumenical Temple.
  4569 | Temple   | Entered the Ecumenical Temple
  4659 | Temple   | Became a worshipper of Uskayaw the Reveller
  4761 | D:6      | Reached * piety under Uskayaw
  4769 | D:6      | Found a burning altar of Makhleb.
  4831 | D:6      | Reached ** piety under Uskayaw
  5023 | D:6      | Reached skill level 5 in Dodging
  5024 | D:6      | Reached *** piety under Uskayaw
  5026 | D:6      | Reached **** piety under Uskayaw
  5030 | D:6      | Reached ***** piety under Uskayaw
  5031 | D:6      | Reached XP level 9. HP: 65/71 MP: 9/9
  5686 | D:7      | Noticed Maurice
  5687 | D:7      | Maurice changed into Maurice the tengu
  5687 | D:7      | Noticed Maurice
  5692 | D:7      | Killed Maurice the tengu
  5762 | D:7      | Noticed Jeremiah
  6145 | D:2      | Killed Sigmund
  6654 | D:8      | Reached XP level 10. HP: 77/77 MP: 10/10
  6656 | D:8      | Reached skill level 10 in Shapeshifting
  6705 | D:8      | Found a staircase to the Lair.
  6729 | D:8      | Reached skill level 1 in Stealth
  7184 | D:8      | Reached skill level 5 in Stealth
  7187 | D:8      | Reached skill level 1 in Invocations
  7193 | D:8      | Reached ****** piety under Uskayaw
  7820 | D:9      | Found a flagged portal.
  7829 | Bailey   | Entered a bailey
  8282 | D:9      | Found an ornate altar of the Wu Jian Council.
  8504 | D:10     | Entered Level 10 of the Dungeon
  8516 | D:10     | Reached skill level 5 in Invocations
  8516 | D:10     | Reached XP level 11. HP: 84/84 MP: 14/14
  8809 | D:10     | Found a blossoming altar of Fedhas.
  8810 | D:10     | Found a shimmering altar of Xom.
  9088 | D:10     | Noticed a two-headed ogre
  9093 | D:10     | Killed a two-headed ogre
  9125 | D:10     | Noticed an eight-headed hydra
  9125 | D:10     | Noticed a deep elf pyromancer
  9214 | D:10     | Noticed an ogre mage
  9368 | Lair:1   | Entered Level 1 of the Lair of Beasts
 10009 | Lair:1   | Acquired a manual of Fighting
 10362 | Lair:2   | Noticed a skyshark
 10395 | Lair:2   | Noticed a skyshark
 10407 | Lair:2   | Killed a skyshark
 10408 | Lair:2   | Reached XP level 12. HP: 48/91 MP: 15/15
 10620 | Lair:2   | Noticed Sonja
 10633 | Lair:2   | Killed Sonja
 10715 | Lair:2   | Found a staircase to the Snake Pit.
 10871 | Lair:2   | Reached skill level 10 in Dodging
 10890 | Lair:2   | Found a staircase to the Swamp.
 11597 | Lair:3   | Found a gate leading to a gauntlet.
 11610 | Gauntlet | Entered a Gauntlet
 11610 | Gauntlet | Found a transporter.
 11618 | Gauntlet | Found a transporter.
 11620 | Gauntlet | Found a transporter.
 11631 | Gauntlet | Found a transporter.
 11634 | Gauntlet | Found a transporter.
 11645 | Gauntlet | Found a transporter.
 11671 | Gauntlet | Found a transporter.
 11672 | Gauntlet | Noticed a hell beast
 11683 | Gauntlet | Noticed a death scarab
 11684 | Gauntlet | Found a transporter.
 11691 | Gauntlet | Noticed a death scarab
 11695 | Gauntlet | Noticed a ghost crab
 11696 | Gauntlet | Found a transporter.
 11710 | Gauntlet | Found a transporter.
 11720 | Gauntlet | Found a transporter.
 11720 | Gauntlet | Found a transporter.
 11766 | Gauntlet | Found a transporter.
 11780 | Gauntlet | Found a transporter.
 11964 | Gauntlet | Killed a hell beast
 11965 | Gauntlet | Reached skill level 10 in Fighting
 11969 | Gauntlet | Identified the +0 helmet of the Uplifting Gods {rPois rN+
                  | Dex+3}
 12026 | Gauntlet | Identified the +3 dire flail of Dicluos {freeze, ^Contam
                  | +Blink Int+2}
 12026 | Gauntlet | Noticed a minotaur
 12049 | Gauntlet | Killed a minotaur
 12054 | Gauntlet | Identified the +4 pair of gloves of Onover {rElec rF+ rC+++
                  | Stlth-}
 12341 | Lair:3   | Reached XP level 13. HP: 85/103 MP: 16/16
 13345 | Lair:4   | Found a shadowy altar of Dithmenos.
 13591 | Lair:5   | Entered Level 5 of the Lair of Beasts
 13908 | Lair:5   | Noticed Josephine
 13969 | Lair:5   | Found a staircase to the Slime Pits.
 14037 | Lair:5   | Reached XP level 14. HP: 101/114 MP: 17/19
 14129 | Lair:5   | Acquired 437 gold pieces
 14185 | Lair:5   | Reached skill level 1 in Evocations
 14283 | Lair:5   | Killed Josephine
 15688 | D:7      | Killed Jeremiah
 15945 | D:4      | Identified the amulet "Umioterepu" {Spirit SInv}
 16990 | D:12     | Found a shimmering blue altar of Sif Muna.
 17261 | D:12     | Found a staircase to the Orcish Mines.
 17450 | D:13     | Found a gate to the Vaults.
 17456 | D:13     | Reached XP level 15. HP: 126/126 MP: 21/21
 17555 | D:13     | Reached skill level 15 in Shapeshifting
 18722 | D:15     | Entered Level 15 of the Dungeon
 19234 | D:15     | Found a staircase to the Depths.
 19555 | D:15     | Found Waemiteq's Assorted Antiques.
 19560 | D:15     | Bought a vibrating golden ring for 195 gold pieces
 19560 | D:15     | Identified the ring of Jewkorr {rElec rF+} (You bought it
                  | in a shop on level 15 of the Dungeon)
 19560 | D:15     | Bought a dark potion for 35 gold pieces
 19560 | D:15     | Bought a pair of embroidered boots for 292 gold pieces
 19832 | Orc:1    | Entered Level 1 of the Orcish Mines
 20154 | Orc:2    | Entered Level 2 of the Orcish Mines
 20475 | Orc:2    | Found Derghiot's Magic Scroll Boutique.
 20480 | Orc:2    | Reached skill level 10 in Stealth
 20480 | Orc:2    | Found Vefupsiy's Armour Emporium.
 20481 | Orc:2    | Found Kuthraoq's Magic Scroll Emporium.
 20484 | Orc:2    | Found Osoilime's Antique Armour Shoppe.
 20520 | Orc:2    | Noticed Rupert
 20522 | Orc:2    | Found a staircase to the Elven Halls.
 20574 | Orc:2    | Reached skill level 15 in Dodging
 20595 | Orc:2    | Killed Rupert
 20694 | Orc:2    | Noticed Valeaz's ghost (journeyman GnAE)
 20709 | Orc:2    | Reached XP level 16. HP: 134/134 MP: 22/22
 20736 | Orc:2    | Reached skill level 15 in Fighting
 20788 | Orc:2    | Bought a pair of ancient boots for 209 gold pieces
 20788 | Orc:2    | Identified the +0 pair of boots of the King of the Hill
                  | {Slay+5} (You bought it in a shop on level 2 of the Orcish
                  | Mines)
 20795 | Orc:2    | Bought a scroll of blinking for 105 gold pieces
 20795 | Orc:2    | Bought a scroll of identify for 28 gold pieces
 20795 | Orc:2    | Bought a scroll of identify for 28 gold pieces
 20795 | Orc:2    | Bought a scroll of identify for 28 gold pieces
 20795 | Orc:2    | Bought a scroll of identify for 28 gold pieces
 20795 | Orc:2    | Bought 3 scrolls of fog for 168 gold pieces
 20795 | Orc:2    | Bought a scroll of teleportation for 42 gold pieces
 20831 | Orc:2    | Found a runed translucent gate.
 20832 | Orc:2    | Found a runed translucent gate.
 20833 | Orc:2    | Found a runed translucent gate.
 21135 | Orc:2    | Found a burning altar of Makhleb.
 21153 | Orc:2    | Found the +0 pair of fencer's gloves {Riposte Dex+3}
 21296 | Orc:2    | Killed Valeaz's ghost
 21811 | Swamp:1  | Entered Level 1 of the Swamp
 21852 | Swamp:1  | Noticed Kirke
 22007 | Lair:2   | Noticed a sphinx
 22209 | Lair:2   | Found a staircase to the Snake Pit.
 22560 | Lair:2   | Killed Kirke
 22636 | Swamp:1  | Found a runed translucent gate.
 22636 | Swamp:1  | Found a runed translucent gate.
 22636 | Swamp:1  | Found a runed translucent gate.
 22636 | Swamp:1  | Noticed Zoigrime's ghost (adept FoFi)
 22825 | Swamp:1  | Reached skill level 15 in Unarmed Combat
 23514 | Swamp:2  | Reached skill level 10 in Invocations
 23738 | Swamp:3  | Found a runed translucent door.
 23741 | Swamp:3  | Noticed esper6's ghost (journeyman GnNe)
 23741 | Swamp:3  | Identified the +8 spear of Wisdom {speed, Dex+2}
 23742 | Swamp:3  | Noticed a thorn hunter
 24672 | Swamp:4  | Entered Level 4 of the Swamp
 24672 | Swamp:4  | Noticed a thorn hunter
 24705 | Swamp:3  | Killed a thorn hunter
 24871 | Swamp:4  | Reached XP level 17. HP: 142/142 MP: 24/24
 25430 | Swamp:4  | Noticed the 27-headed Lernaean hydra
 25532 | Snake:1  | Entered Level 1 of the Snake Pit
 25543 | Snake:1  | Found a burning altar of Makhleb.
 27160 | Snake:2  | Noticed Vashnia
 27552 | Snake:2  | Killed Vashnia
 28307 | Snake:3  | Noticed Saint Roka
 28389 | Snake:3  | Noticed Roxanne
 28816 | Snake:3  | Killed Saint Roka
 29316 | Snake:4  | Entered Level 4 of the Snake Pit
 30130 | Snake:4  | Reached XP level 18. HP: 149/149 MP: 17/25
 30534 | Snake:4  | Reached skill level 5 in Evocations
 30759 | Snake:4  | Got a serpentine rune of Zot
 31438 | Swamp:4  | Killed the 26-headed Lernaean hydra
 31560 | Swamp:4  | Got a decaying rune of Zot
 31917 | Vaults:1 | Entered Level 1 of the Vaults
 32323 | Vaults:1 | Identified the +7 war axe of Valiance {vamp, rElec Str-2
                  | Dex+3}
 33318 | D:15     | Bought a box of beasts for 1560 gold pieces
 33884 | Vaults:2 | Reached XP level 19. HP: 129/157 MP: 26/26
 34115 | Vaults:2 | Paralysed by a sphinx for 4 turns
 34428 | Vaults:2 | Found a staircase to the Crypt.
 35269 | Vaults:3 | Found a crumbling gateway.
 35269 | Vaults:3 | Identified the orb of Sloth {*channel, rCorr Str+3}
 35269 | Vaults:3 | Noticed Frederick
 35280 | Vaults:3 | Killed Frederick
 35287 | Desolati | Entered the Desolation of Salt
 35433 | Desolati | Identified the +9 scimitar "Tuthif" {vamp, Str+4 Int+3}
 35513 | Desolati | Got the Secrets of Hurtful Toxicants
 35767 | Desolati | Identified the +8 quarterstaff of Stickiness {freeze, rPois
                  | Int+2 Dex+3}
 35823 | Desolati | Identified the +1 dagger of the Mouth {freeze, rF+ rN+
                  | Int+4 Stlth+}
 35835 | Desolati | Got the Atlas of Breccia
 35839 | Desolati | Got the Encyclopedia of Geological Adjuration
 35901 | Desolati | Identified the +3 sling of Qiroc {drain, Int+4}
 36122 | Desolati | Reached XP level 20. HP: 168/168 MP: 28/28
 36177 | Desolati | Got the Compendium of the Boggart
 36239 | Desolati | Identified the amulet of Cyqatwiac {Regen+ Dex+2}
 36265 | Desolati | Identified the +1 shortbow of the Beginning {speed,
                  | ^Fragile rN++ Will+ rCorr}
 36317 | Desolati | Identified the +4 plate armour "Iwedog" {Str+2}
 36339 | Desolati | Identified the +7 war axe of the Forsaken Lies {venom, Fly
                  | Int+3}
 37113 | Vaults:3 | Found Xelatz's Antique Weapon Boutique.
 38301 | Vaults:4 | Identified the +5 dire flail "Giutu" {venom, MP-9 Int+8}
 38669 | Depths:1 | Entered Level 1 of the Depths
 38702 | Depths:1 | Reached skill level 15 in Stealth
 38763 | Depths:1 | Found a one-way gateway to a ziggurat.
 38873 | Depths:1 | Found Foywoaxot's Armour Shop.
 39007 | Depths:1 | Found a stormy altar of Qazlal.
 39020 | Depths:1 | Found Itogeop's Antique Weapon Shoppe.
 39176 | Depths:1 | Found a one-way gate to the infinite horrors of the Abyss.
 39243 | Depths:1 | Found Kutest's Weapon Shoppe.
 39247 | Depths:1 | Found Nitsoh's Antique Weapon Boutique.
 39377 | Depths:1 | Found a gateway to Hell.
 39487 | Depths:1 | Found Yquom's Self-Improvement Boutique.
 39495 | Depths:1 | Bought a manual of Unarmed Combat for 1200 gold pieces
 39652 | Depths:2 | Reached XP level 21. HP: 174/174 MP: 30/30
 39851 | Depths:2 | Found a runed translucent door.
 39852 | Depths:2 | Found a runed translucent door.
 39852 | Depths:2 | Found a runed translucent door.
 40417 | Depths:2 | Identified the +2 chain mail "Eclent" {Regen+ Dex+2}
 40448 | Depths:2 | Found a one-way gate leading to the halls of Pandemonium.
 40870 | Depths:2 | Found a runed translucent door.
 40870 | Depths:2 | Found a runed translucent door.
 42355 | Depths:3 | Noticed a golden dragon
 42358 | Depths:3 | Killed a golden dragon
 42968 | Depths:4 | Entered Level 4 of the Depths
 43202 | Depths:4 | Acquired 866 gold pieces
 43253 | Depths:4 | Noticed Vv
 43375 | Depths:4 | Noticed a golden dragon
 43377 | Depths:4 | Identified the +1 scale mail of the Sun {rElec rN+ Regen+
                  | Dex+3}
 43390 | Depths:4 | Killed a golden dragon
 43391 | Depths:4 | Reached XP level 22. HP: 182/182 MP: 31/31
 43395 | Depths:4 | Noticed a golden dragon
 43406 | Depths:4 | Killed a golden dragon
 43460 | Depths:4 | Noticed Grunn
 43645 | Depths:4 | Found a runed translucent gate.
 43645 | Depths:4 | Found a runed translucent gate.
 43646 | Depths:4 | Found a runed translucent gate.
 43647 | Depths:4 | Noticed an ancient lich
 43648 | Depths:4 | Noticed Amikeex's ghost (adept TrMo)
 44025 | Abyss:3  | Cast into level 3 of the Abyss (green draconian)
 44241 | Abyss:3  | Found a corrupted altar of Lugonu.
 44455 | Depths:4 | Escaped the Abyss
 44526 | Depths:4 | Identified the +1 great sword of Untruth {freeze, *Corrode
                  | rElec Dex+3}
 44677 | Depths:4 | Killed Vv
 44810 | Depths:4 | Found a blossoming altar of Fedhas.
 45055 | Depths:4 | Noticed a golden dragon
 45064 | Depths:4 | Killed a golden dragon
 45118 | Depths:4 | Found a gate to the Realm of Zot.
 45122 | Depths:4 | Noticed a golden dragon
 45234 | Depths:4 | Identified the amulet of Circularity {Reflect Str+2 Int+2
                  | SH+5}
 45236 | Depths:4 | Killed a golden dragon
 45368 | Depths:4 | Killed Amikeex's ghost
 45371 | Depths:4 | Killed an ancient lich
 45550 | Depths:4 | Noticed a golden dragon
 45554 | Depths:4 | Killed a golden dragon
 45567 | Depths:4 | Killed Grunn
 45806 | Depths:4 | Reached XP level 23. HP: 192/192 MP: 30/33
 46175 | Elf:1    | Entered Level 1 of the Elven Halls
 46304 | Elf:1    | You fall into a shaft and drop 1 floor!
 46326 | Elf:2    | Found a runed translucent gate.
 46326 | Elf:2    | Found a runed translucent gate.
 46327 | Elf:2    | Found a runed translucent gate.
 46395 | Elf:2    | Found a portal to a secret trove of treasure.
 46501 | Elf:1    | Identified the serpent talisman of Qyfathe {rF+ rC+}
 46501 | Elf:1    | Noticed Aizul
 46514 | Elf:1    | Killed Aizul
 47261 | Elf:2    | Identified the +3 flail of the Devouring Seer {venom, rPois
                  | Int+3 Stlth+}
 47778 | Abyss:3  | Cast into level 3 of the Abyss (+0 hand axe of distortion)
 47875 | Abyss:3  | Gained mutation: You occasionally lose the ability to drink
                  | potions when taking damage. [a neqoxec]
 47963 | Elf:2    | Escaped the Abyss
 48664 | Elf:3    | Entered Level 3 of the Elven Halls
 48700 | Elf:3    | Got the Compilation of the Scorched Voyage
 48930 | Elf:3    | Reached skill level 1 in Shields
 49269 | Elf:3    | Identified the +10 dagger of Ytwuf {heavy, Will+ Int+2
                  | Dex+2}
 49279 | Elf:3    | Identified the ring of Gich {Fly rN+ Will+ Int-2}
 49317 | Elf:3    | Identified the +10 trident "Xuucuqoj" {flame, ^Contam
                  | Int+4}
 49317 | Elf:3    | Identified the +3 buckler of the Eggfruit {rPois}
 49704 | Abyss:3  | Found a corrupted altar of Lugonu.
 49704 | Abyss:3  | Cast into level 3 of the Abyss (a deep elf demonologist)
 49854 | Abyss:3  | Gained mutation: You expend magic power (3 MP) to
                  | strengthen your wands. [a neqoxec]
 49856 | Abyss:3  | Gained mutation: You are frail. (-10% HP) [a neqoxec]
 49920 | Abyss:3  | Reached skill level 5 in Shields
 50153 | Elf:3    | Escaped the Abyss
 50222 | Elf:3    | Got the Notes on the Anticline
 50239 | Elf:3    | Got the Handbook of the Relocated Crucible
 50264 | Elf:3    | Got the Directory of Wintry Contamination
 50801 | Vaults:5 | Entered Level 5 of the Vaults
 50801 | Vaults:5 | Noticed a dread lich
 50803 | Vaults:5 | Noticed Mennas
 50878 | Vaults:4 | Lost mutation: You expend magic power (3 MP) to strengthen
                  | your wands. [potion of mutation]
 50878 | Vaults:4 | Lost mutation: You occasionally lose the ability to drink
                  | potions when taking damage. [potion of mutation]
 50878 | Vaults:4 | Lost mutation: You are frail. (-10% HP) [potion of
                  | mutation]
 50878 | Vaults:4 | Gained mutation: Armour fits poorly on your strangely
                  | shaped body. [potion of mutation]
 50878 | Vaults:4 | Gained mutation: You occasionally lose the ability to drink
                  | potions when taking damage. [potion of mutation]
 50879 | Vaults:4 | Lost mutation: You occasionally lose the ability to drink
                  | potions when taking damage. [potion of mutation]
 50879 | Vaults:4 | Lost mutation: Armour fits poorly on your strangely shaped
                  | body. [potion of mutation]
 50879 | Vaults:4 | Gained mutation: You are partially covered in iridescent
                  | scales. (AC +2) [potion of mutation]
 50879 | Vaults:4 | Gained mutation: You expend magic power (3 MP) to
                  | strengthen your wands. [potion of mutation]
 51355 | Vaults:4 | Killed a dread lich
 51356 | Vaults:4 | Reached XP level 24. HP: 204/204 MP: 26/33
 51909 | Vaults:4 | Killed Mennas
 52398 | Vaults:5 | Noticed an ancient lich
 52411 | Vaults:5 | Killed an ancient lich
 52543 | Vaults:4 | Reached skill level 10 in Shields
 52602 | Vaults:4 | Reached skill level 1 in Armour
 52634 | Vaults:5 | Identified the +8 broad axe "Niatin" {freeze, rF+ Int+4}
 52634 | Vaults:5 | Identified the ring of Temperance {rN+ Str+6 Dex+3 SInv}
 52892 | Vaults:5 | Reached skill level 5 in Armour
 53005 | Vaults:5 | Noticed a dread lich
 53009 | Vaults:5 | Killed a dread lich
 53009 | Vaults:5 | Noticed Margery
 53026 | Vaults:5 | Killed Margery
 53166 | Vaults:5 | Noticed Xtahua
 53181 | Vaults:5 | Killed Xtahua
 53231 | Vaults:5 | Got a silver rune of Zot
 53422 | Vaults:5 | Found Pisoa's General Store.
 53547 | Vaults:5 | Identified the ring "Nuclaine" {Fly Will+}
 53689 | Vaults:5 | Identified the +2 battleaxe "Cughim" {vamp, rPois rC++
                  | rCorr}
 54253 | Zot:1    | Entered Level 1 of the Realm of Zot
 54543 | Zot:1    | Reached skill level 10 in Evocations
 54561 | Zot:1    | Noticed an orb of fire
 54799 | Zot:1    | Reached XP level 25. HP: 210/210 MP: 33/33
 54890 | Zot:1    | Killed an orb of fire
 56993 | Zot:4    | Reached skill level 15 in Shields
 57521 | Zot:4    | Identified the staff of Unaich {rF+ rC+ Fire}
 57531 | Zot:4    | Identified the +0 leather armour of Vaopruh {rElec Will+
                  | Dex+3}
 57866 | Zot:5    | Entered Level 5 of the Realm of Zot
 57872 | Zot:5    | Noticed a Killer Klown
 57911 | Zot:5    | Killed a Killer Klown
 58242 | Zot:5    | Found the +4 dragonskin cloak
 58242 | Zot:5    | Noticed Tiamat
 58266 | Zot:5    | Killed Tiamat
 58336 | Zot:5    | Reached XP level 26. HP: 218/218 MP: 34/34
 58640 | Zot:5    | Noticed a dread lich
 58654 | Zot:5    | Killed a dread lich
 58671 | Zot:5    | Reached skill level 15 in Invocations
 58684 | Zot:5    | Noticed a dread lich
 58689 | Zot:5    | Killed a dread lich
 59785 | Zot:5    | Noticed an orb of fire
 59792 | Zot:5    | Noticed an ancient lich
 59793 | Zot:5    | Killed an orb of fire
 59799 | Zot:5    | Killed an ancient lich
 59800 | Zot:5    | Noticed an orb of fire
 59800 | Zot:5    | Gained mutation: You are weak. (Str -2) [an orb of fire]
 59804 | Zot:5    | Noticed an orb of fire
 59805 | Zot:5    | Gained mutation: You are frail. (-10% HP) [an orb of fire]
 59807 | Zot:5    | Killed an orb of fire
 59808 | Zot:5    | Gained mutation: You are clumsy. (Dex -2) [an orb of fire]
 59811 | Zot:5    | Gained mutation: You are vulnerable to heat. (rF-) [an orb
                  | of fire]
 59812 | Zot:5    | Killed an orb of fire
 59845 | Zot:5    | Got the Orb of Zot
 59881 | Zot:5    | Noticed Daunn the pandemonium lord
 59889 | Zot:5    | Gained mutation: Your body sometimes deteriorates upon
                  | taking damage. [a neqoxec]
 59895 | Zot:5    | Gained mutation: You occasionally shout uncontrollably at
                  | your foes. [a neqoxec]
 59898 | Zot:5    | Killed Daunn the pandemonium lord
 60022 | Zot:1    | Noticed Cephi the pandemonium lord
 60031 | Zot:1    | Killed Cephi the pandemonium lord
 60068 | Zot:1    | Noticed Pigenne the pandemonium lord
 60094 | Depths:4 | Killed Pigenne the pandemonium lord
 60242 | D:14     | Noticed a seraph
 60250 | D:14     | Noticed a seraph
 60445 | D:6      | Noticed a seraph
 60446 | D:6      | Noticed Komoun Boe the pandemonium lord
 60513 | D:2      | Noticed Diduki the pandemonium lord
 60548 | D:$      | Escaped with the Orb!

Illustrated notes

Levels and vault maps discovered:
D:1:      ncdulo_wetmaze, layout_loops_ring
D:2:      layout_rooms, basic_altar, hangedman_decor_growths, uniq_jessica,
          uniq_sigmund
D:3:      layout_basic, lemuel_tele_altar, hellmonk_ecumenical_altar_zigzags,
          uniq_robin
D:4:      layout_cave_pools, corexii_corridor_pit, minmay_divided_ellipse,
          uniq_ijyb
D:5:      layout_basic, serial_park_tiny_1, fountainhead
D:6:      layout_loops_ring, lemuel_doored_altar, minmay_temple_entry_tees
D:7:      layout_basic, uniq_maurice, uniq_jeremiah
D:8:      layout_basic, hellmonk_lair_entry_icy
D:9:      layout_basic, mainiacjoe_overflow_surrounded_room, enter_bailey_2
D:10:     nzn_winding_woodlands_medium [nzn_winding_woodlands_5x5_default,
          nzn_winding_woodlands_5x15_river_crossing,
          nzn_winding_woodlands_hourglass, nzn_winding_woodlands_5x5_open_star,
          nzn_winding_woodlands_center_lodge,
          nzn_winding_woodlands_5x5_checkerboard,
          nzn_winding_woodlands_5x5_perimeter, nzn_winding_woodlands_5x15_pool,
          nzn_winding_woodlands_5x5_cross], layout_basic,
          mainiacjoe_overflow_divided_tiny
D:11:     layout_cave_pools, grunt_decor_fettered
D:12:     layout_cave_pools, orc_0_dummy, nicolae_sif_muna_condensation
D:13:     layout_basic, david_vaults_2, minmay_diced_spiral
D:14:     layout_loops_cross, minmay_fountain_box
D:15:     hangedman_depths_entry_civil_slaughter, layout_layer_cave,
          serial_shops, shop, minmay_misc_feat_roman, water_maze_lemuel
Temple:   minmay_temple_bridge_d
Lair:1:   layout_small_grid
Lair:2:   layout_cave_pods, skrybe_swamp_entry_bodies, dummy_snake_entry,
          grunt_megastairs_2, lemuel_fruit_fields, infiniplex_staircase_pool_2,
          uniq_sonja
Lair:3:   layout_chaotic_city, gauntlet_entry_generic
Lair:4:   layout_roguey, basic_altar
Lair:5:   due_jungle_book, layout_regular_city, dpeg_slime_entry_corner,
          wad_woods_02, infiniplex_staircase_pool, uniq_josephine
Swamp:1:  nicolae_swamp_ascending_descending_big, layout_falls_marsh,
          gammafunk_ghost_hydra_chop, nicolae_swamp_long_stream, uniq_kirke
Swamp:2:  layout_falls_marsh, nicolae_swamp_tree_designs, swamp_pool_3
Swamp:3:  nicolae_swamp_wrong_neighborhood, layout_falls_marsh,
          ebering_ghost_funeral_grove, nicolae_swamp_fairy_circle,
          nicolae_swamp_oklob_treasure_island
Swamp:4:  swamp_old_school, layout_basic_swamp, nicolae_swamp_dense_foliage,
          nicolae_swamp_tree_isthmus, nicolae_swamp_decorative_isthmus
Snake:1:  layout_chambers, basic_altar, beargit_elvish_explorers,
          grunt_megastairs_5
Snake:2:  layout_grid_maze, uniq_vashnia
Snake:3:  layout_misc_corridors, st_stairs_1, nicolae_snake_gridmaze_swirls,
          grunt_megastairs_4, uniq_roxanne, uniq_saint_roka
Snake:4:  johnstein_snake_rune_scales, layout_layer_cave
Orc:1:    layout_diamond_mine
Orc:2:    st_orc_open, layout_caves, basic_altar,
          maelrawn_ghost_gauntlet_escape, roderic_batcave, lightli_orcish_oven,
          uniq_rupert
Elf:1:    layout_loops_corners, kennysheep_underground_church,
          nicolae_letterblocks [nicolae_letter_subblock,
          nicolae_letter_subblock, nicolae_letter_subblock,
          nicolae_letter_subblock, nicolae_letter_subblock,
          nicolae_letter_subblock, nicolae_letter_subblock,
          nicolae_letter_subblock, nicolae_letter_subblock,
          nicolae_letter_subblock, nicolae_letter_subblock,
          nicolae_letter_subblock, nicolae_letter_subblock,
          nicolae_letter_subblock, nicolae_letter_subblock,
          nicolae_letter_subblock, nicolae_letter_subblock,
          nicolae_letter_subblock, nicolae_letter_subblock,
          nicolae_letter_subblock, nicolae_letter_subblock,
          nicolae_letter_subblock, nicolae_letter_subblock,
          nicolae_letter_subblock, nicolae_letter_subblock], uniq_aizul
Elf:2:    nicolae_elf_blades_splatter_lattice
          [nicolae_blade_entry_crossed_weapons], layout_geoelf_octagon,
          enter_trove_0, kilobyte_mutagenic_chamber
Elf:3:    minmay_elf_hall_not_hex, layout_geoelf_diagonals
Vaults:1: v_misc_30, nicolae_vaults_arrows, vaults_room_hallway,
          nicolae_vaults_network_barrier, nicolae_vaults_trapezoid_lopsided_2,
          v_alt_pattern_6, hangedman_vaults_maws, v_misc_12,
          nicolae_vaults_little_guard_posts, vaults_dpeg_ring,
          layout_vaults_maze_snakey
Vaults:2: hangedman_vaults_river_flow, nicolae_vaults_theta,
          nicolae_vaults_cornered_office, nicolae_vaults_shrinking_rooms_1,
          nicolae_vaults_corridor_and_loot_room, v_misc_29,
          vaults_room_semicircle, nicolae_vaults_tetromino_T_1,
          minmay_crypt_entry_simple_statues, v_misc_3, v_misc_25,
          layout_vaults_omnicross
Vaults:3: portal_desolation_entry_salt, nicolae_vaults_theta, v_pattern_3,
          hangedman_vaults_capsules, ontoclasm_vaults_ring_small,
          nicolae_vaults_circle_grid_a, nicolae_vaults_tetromino_T_1,
          v_alt_pattern_6, hangedman_vaults_slither, v_misc_33,
          nicolae_vaults_trapezoid_lopsided_2, vaults_mumra_minichess,
          grunt_vaults_focal, nicolae_vaults_little_squares_4,
          layout_vaults_omnibox, serial_shops, nicolae_shop_tiny_glass,
          uniq_frederick
Vaults:4: nicolae_vaults_network_s, nicolae_vaults_surprise_closet,
          nicolae_vaults_triangles, nicolae_vaults_storage_closets_1, v_misc_9,
          vaults_dpeg_cross, vaults_dpeg_diagonal, layout_vaults_quadrants
Vaults:5: uniq_xtahua, uniq_mennas, uniq_margery
Depths:1: layout_cross, enter_ziggurat_d, nicolae_qazlal_general_emergency,
          serial_shops, shop, shop, nicolae_shop_window_shopping, shop,
          minmay_room_of_horrors, pf_hell_entry_tar_river,
          nicolae_shop_self_help
Depths:2: minmay_the_grid_ultimate [minmay_the_grid_prize_four_corners,
          minmay_the_grid_prize_inner_circle, minmay_the_grid_prize_trominoes,
          minmay_the_grid_prize_trominoes, minmay_the_grid_square_5x5_slash,
          minmay_the_grid_square_5x5_inner_i, minmay_the_grid_square_5x5_plus,
          minmay_the_grid_square_5x5_n, minmay_the_grid_square_5x5_forky,
          minmay_the_grid_square_5x5_misaligned,
          minmay_the_grid_square_5x5_tri_point,
          minmay_the_grid_square_5x5_fancy_junction,
          minmay_the_grid_square_5x5_minimal,
          minmay_the_grid_square_5x5_half_checkered,
          minmay_the_grid_square_5x5_n_small,
          minmay_the_grid_square_5x5_inner_v, minmay_the_grid_square_5x5_two,
          minmay_the_grid_square_5x5_beaten_path,
          minmay_the_grid_square_5x5_seven,
          minmay_the_grid_triangle_9x9_impossible_snake,
          minmay_the_grid_triangle_9x9_zippers_horizontal,
          minmay_the_grid_triangle_9x9_dagger,
          minmay_the_grid_triangle_9x9_longest,
          minmay_the_grid_triangle_9x9_descending_squares,
          minmay_the_grid_triangle_9x9_empty,
          minmay_the_grid_triangle_9x9_tough_junction,
          minmay_the_grid_triangle_9x9_pentomino_pain,
          minmay_the_grid_triangle_9x9_from_above,
          minmay_the_grid_triangle_9x9_sprig,
          minmay_the_grid_triangle_9x9_cache,
          minmay_the_grid_triangle_9x9_zippers_vertical,
          minmay_the_grid_triangle_9x9_empty,
          minmay_the_grid_triangle_9x9_fully_insulated_deathbox,
          minmay_the_grid_triangle_9x9_negative_grid,
          minmay_the_grid_triangle_9x9_minimal,
          minmay_the_grid_square_5x5_two_small,
          minmay_the_grid_octo_checkerflower, minmay_the_grid_octo_focus,
          minmay_the_grid_octo_concentric, minmay_the_grid_octo_odd_swirl,
          minmay_the_grid_octo_pinwheel, minmay_the_grid_octo_checkered,
          minmay_the_grid_octo_clover_2, minmay_the_grid_octo_shrine,
          minmay_the_grid_pillar_ring, minmay_the_grid_small_cups,
          minmay_the_grid_expand, minmay_the_grid_outer_diamond], hell_entry,
          serial_shops, pan_entry
Depths:3: grunt_house_of_mirrors, layout_honeycomb,
          pf_vacation_house_of_asmodeus, abyss_entry_small_statue_room,
          minmay_misc_feat_x
Depths:4: lemuel_castle_with_subvaults [lemuel_castle_interior_carwin_2],
          layout_gridlike, fedhas_altar_1,
          nicolae_hell_entry_hellmouth_sunbeams, gammafunk_ghost_necromancy,
          abyss_entry_crystal, uniq_grunn, uniq_vv
Zot:1:    layout_misc_corridors, st_stairs_7, grunt_megastairs_3
Zot:2:    layout_misc_corridors, hangedman_zot_decor_slant
Zot:3:    layout_onion_interference, regret_index_zotdec_under_construction
Zot:4:    regret_index_malice_mire, layout_misc_corridors,
          st_small_dragon_hoard_1
Zot:5:    layout_gridville, uniq_tiamat

Skill      XL: |  1  2  3  4  5  6  7  8  9 10 11 12 13 14 15 16 17 18 19 20 21 22 23 24 25 26 |
---------------+-------------------------------------------------------------------------------+-----
Unarmed Combat | 4 12 13 14 16 18 19 23 | 23.0
Fighting       | 1 6 7 10 11 14 15 16 17 18 20 | 20.0
Shapeshifting  | 7 8 9 10 11 13 14 16 18 19 20 21 22 23 | 23.0
Dodging        | 3 4 5 7 9 10 12 13 15 18 19 20 | 20.0
Stealth        | 5 10 15 20 | 20.0
Invocations    | 5 6 8 10 11 12 14 16 | 16.6
Evocations     | 4 6 7 8 10 12 14 | 14.7
Shields        | 7 12 15 | 15.0
Armour         | 5 |  5.0

Action                     |  1- 3 |  4- 6 |  7- 9 | 10-12 | 13-15 | 16-18 | 19-21 | 22-24 | 25-27 || total
---------------------------+-------+-------+-------+-------+-------+-------+-------+-------+-------++-------
  Melee: Unarmed           |    57 |    45 |   302 |   433 |   809 |   864 |  1007 |  1358 |   730 ||  5605
         Bite              |     5 |     6 |    36 |    59 |   130 |   111 |   145 |   226 |   131 ||   849
         Maw               |       |       |       |   142 |   227 |       |       |       |       ||   369
         Tailslap          |       |       |       |       |    61 |   164 |   202 |    58 |       ||   485
         Punch             |       |       |       |       |    23 |    90 |   154 |    47 |       ||   314
 Invoke: Stomp             |       |       |       |     1 |     1 |     5 |     9 |     4 |       ||    20
         Grand Finale      |       |       |       |       |       |       |     4 |     2 |     4 ||    10
Ability: Breathe Fire      |       |       |       |       |     1 |     4 |     1 |     1 |       ||     7
         Exsanguinate      |       |       |       |       |       |     2 |       |       |       ||     2
         Revivify          |       |       |       |       |       |     1 |       |       |       ||     1
  Evoke: Wand              |       |       |     1 |     2 |     8 |       |     4 |    12 |    12 ||    39
         Lightning rod     |       |       |       |       |     6 |       |     1 |     7 |       ||    14
         Condenser vane    |       |       |       |       |     1 |     2 |     1 |     3 |       ||     7
         Phantom mirror    |       |       |       |       |     1 |     1 |       |     2 |     1 ||     5
         Phial of floods   |       |       |       |       |       |       |       |     1 |       ||     1
    Use: Scroll            |     2 |     1 |     7 |     6 |     8 |    17 |     4 |    13 |     5 ||    63
         Potion            |     1 |     2 |     3 |     6 |       |     7 |     5 |     7 |     8 ||    39
   Stab: Sleeping          |     1 |       |       |    11 |    13 |    42 |    26 |    16 |     7 ||   116
         Paralysed         |       |       |    11 |    34 |    77 |    87 |    94 |   135 |    70 ||   508
         Distracted        |       |       |       |     1 |     2 |     3 |    13 |    14 |     2 ||    35
 Armour: Animal skin       |    20 |    24 |    16 |       |       |       |       |       |       ||    60
         Skin              |       |     3 |    72 |   126 |   330 |   480 |   441 |   698 |   302 ||  2452
  Dodge: Dodged            |    38 |    20 |   172 |   276 |   678 |   714 |   769 |  1533 |   705 ||  4905
  Block: Kite shield       |       |       |       |       |       |       |       |   721 |   696 ||  1417
   Form: Flux              |       |       |     1 |       |       |       |       |       |       ||     1
         Maw               |       |       |       |     1 |       |       |       |       |       ||     1
         Dragon            |       |       |       |       |     2 |     2 |       |       |       ||     4
                           |       |       |       |       |     1 |     1 |       |       |       ||     2
         Statue            |       |       |       |       |       |       |       |     1 |       ||     1
